 Dungeon Crawl Stone Soup version 0.30-a0-629-gd54f4be4f7 (webtiles) character file.

Game seed: 8855364277783405796

8872 wormed the Transmogrifier (level 11, -4/86 HPs)
             Began as an Octopode Transmuter on Jan 13, 2023.
             Was an Initiate of Gozag.
             Slain by a red ugly thing (11 damage)
             ... on level 10 of the Dungeon.
             The game lasted 00:15:21 (10681 turns).

wormed the Transmogrifier (Octopode Transmuter)    Turns: 10681, Time: 00:15:21

Health: -4/86      AC: 15    Str:  9    XL:     11   Next: 37%
Magic:  21/21      EV: 12    Int: 31    God:    Gozag
Gold:   357        SH:  0    Dex: 14    Spells: 10/24 levels left

rFire   . . .      SeeInvis .      - Unarmed
rCold   + + +      Faith    .    (shield currently unavailable)
rNeg    . . .      Spirit   .    (helmet currently unavailable)
rPois   +          Reflect  .    A - amulet of regeneration
rElec   .          Harm     .    d - +4 ring of protection
rCorr   .          Rampage  .    j - ring of protection from fire
Will    .....                    D - +6 ring of intelligence
Stlth   +                        y - +4 ring of slaying
HPRegen 1.14/turn                F - +6 ring of intelligence
MPRegen 0.17/turn                H - ring of flight
                                 (no ring)
                                 (no ring)

@: ice-form (expiring), flying
A: freezing attack, boosted hp, almost no armour, amphibious, 8 rings, large,
(camouflage 1), (gelatinous body 1), (nimble swimmer 1), (tentacles)
a: End Transformation, Renounce Religion, Potion Petition, Call Merchant, Bribe
Branch


You were on level 10 of the Dungeon.
You worshipped Gozag.
Gozag was aware of your devotion.
You were a creature of crystalline ice.
You visited 2 branches of the dungeon, and saw 11 of its levels.

You collected 1604 gold pieces.
You spent 1192 gold pieces at shops.
You paid 55 gold pieces to Gozag.

Inventory:

Missiles
 r - 2 throwing nets
Jewellery
 d - a +4 ring of protection (left front paw)
 j - a ring of protection from fire (right front paw)
 l - the ring of Midsummer {rF- rN+ rCorr Dex+4}
   (You found it on level 2 of the Dungeon)

   [ring of resist corrosion]

   Dex:       It affects your dexterity (+4).
   rF:        It makes you vulnerable to fire.
   rN:        It protects you from negative energy.
   rCorr:     It protects you from acid and corrosion.
 o - an amulet of the acrobat
 s - an amulet of magic regeneration
 y - a +4 ring of slaying (on tentacle)
 A - an amulet of regeneration (around neck)
 D - a +6 ring of intelligence (on tentacle)
 F - a +6 ring of intelligence (on tentacle)
 H - a ring of flight (on tentacle)
Wands
 b - a wand of flame (32) (quivered)
 E - a wand of mindburst (3)
Scrolls
 f - 3 scrolls of teleportation
 g - 3 scrolls of enchant armour
 h - a scroll of brand weapon
 i - 3 scrolls of vulnerability
 m - 3 scrolls of blinking
 p - 3 scrolls of magic mapping
 q - 2 scrolls of fear
 u - 3 scrolls of amnesia
 x - a scroll of immolation
 B - a scroll of butterflies
Potions
 a - a potion of brilliance
 c - a potion of flight
 e - a potion of invisibility
 k - 3 potions of mutation
 n - 7 potions of curing
 t - 3 potions of heal wounds
 v - a potion of cancellation {unknown}
 w - 4 potions of resistance {unknown}
 z - 2 potions of berserk rage {unknown}
 C - a potion of degeneration {unknown}
 G - 2 potions of attraction {unknown}


   Skills:
 + Level 5.6 Fighting
 + Level 5.8 Dodging
 + Level 6.2 Unarmed Combat
 + Level 7.1 Spellcasting
 + Level 9.2 Transmutations
 - Level 4.0 Ice Magic
 * Level 7.7 Air Magic


You had 10 spell levels left.
You knew the following spells:

 Your Spells              Type           Power      Damage    Failure   Level
a - Ice Form              Ice/Tmut       51%        N/A       2%          4
b - Wereblood             Tmut           62%        N/A       1%          2
c - Storm Form            Tmut/Air       29%        N/A       75%         7
z - Beastly Appendage     Tmut           100%       N/A       1%          1

Your spell library contained the following spells:

 Spells                   Type           Power      Damage    Failure   Level
 Spider Form              Tmut/Pois      39%        N/A       1%          3
 Ensorcelled Hibernation  Hex/Ice        46%        N/A       3%          2
 Kiss of Death            Conj/Necr      44%        2d8       4%          1
 Summon Small Mammal      Summ           44%        N/A       4%          1
 Summon Lightning Spire   Summ/Air       34%        N/A       9%          4
 Call Canine Familiar     Summ           11%        N/A       13%         3
 Confusing Touch          Hex            11%        N/A       13%         3
 Portal Projectile        Hex/Tloc       22%        N/A       13%         3
 Summon Guardian Golem    Hex/Summ       11%        N/A       13%         3
 Anguish                  Hex/Necr       5%         N/A       41%         4
 Dispel Undead            Necr           11%        3d9       41%         4
 Leda's Liquefaction      Hex/Erth       5%         N/A       41%         4
 Maxwell's Capacitive Co  Air            28%        ∞         100%        8


Dungeon Overview and Level Annotations

Branches:
Dungeon (10/15)            Temple (1/1) D:5             Orc (0/2) D:9
   Lair: D:8-11

Altars:
Cheibriados
Fedhas
Gozag
Hepliaklqana
Okawaru
Qazlal
Ru
Trog
Yredelemnul
Zin
The Shining One

Shops:
D:5 *   D:6 *:?!   D:9 (

Annotations:
D:9 3 runed translucent doors, wormed's ghost, journeyman KoBr


Innate Abilities, Weirdness & Mutations

You are a creature of crystalline ice.
You have a powerful freezing melee attack.
Your maximum health is increased.
Your armour is entirely melded.
You are incapable of wielding weapons or throwing items.
You cannot wear most types of armour.
You are amphibious.
You can wear up to eight rings at the same time.
((Your skin changes colour to match your surroundings (Stealth+).))
((Your rubbery body absorbs attacks. (AC +1, EV +1)))
((You are camouflaged when in or above water. (Stealth+)))
((You have tentacles for arms and can constrict up to eight enemies at once.))


Message History

a +1 dagger of venom; a +0 leather armour You howl as the wereblood boils in your veins!
You hear a loud, deep croak!
A bullfrog comes into view.
You hear a horrible gurgling sound!
Things that are here:
a +1 dagger of venom; a +0 leather armour Your primal bloodlust has ended.
The bullfrog is distracted by your dazzling golden aura.
Items here: $ )) [[.
You now have 357 gold pieces (gained 6).
Your transformation is almost over.
Items here: $ )) [[.
An orc wizard comes into view. It is wielding a +0 dagger.
The orc wizard shouts!
The red ugly thing claws you.
You are engulfed in flames!
The orc wizard moves out of view.
Things that are here:
a +1 dagger of venom; a +0 leather armour You barely miss the red ugly thing.
The red ugly thing claws you but does no damage.
You punch the red ugly thing! You freeze the red ugly thing.
The red ugly thing is moderately wounded.
The red ugly thing claws you.
You are engulfed in flames!
You barely miss the red ugly thing.
The red ugly thing is lightly wounded.
The red ugly thing claws you but does no damage.
You punch the red ugly thing! You freeze the red ugly thing.
The red ugly thing is heavily wounded.
The red ugly thing claws you!
You are engulfed in flames!
You pummel the red ugly thing!! You freeze the red ugly thing.
The red ugly thing is almost dead.
A wolf comes into view.
The red ugly thing claws you!
You are engulfed in flames!!
* * * LOW HITPOINT WARNING * * *
You hit the red ugly thing. You freeze the red ugly thing.
The red ugly thing is almost dead.
The red ugly thing claws you!
You die...
Your body crumbles into a pile of gold.

##### ### ######## ###....##
##~~# #......# ###........
#~~~~######..~~..# #..........
~.............~..###..(.....
........................#.####
..........#......###.........#
.......$..#.o................#
.o..........uY...###.#......##
........h.####$#.# #.##.....).
...)8..$..# #.#.###.######.#.
..........# #.#...#.# ##.#.
.ou..y....# ##...#.#.# #....
y.o.......# #....#.#.# #..##
..........# #.####.#.#####....
..........~##........##.......
~~~~..~~~~~~.....#............


You could see a red ugly thing, a wolf and an orc wizard.

Vanquished Creatures
  Pikel (D:7)
  Joseph (D:7)
  An unseen horror (D:10)
  2 polar bears (D:10)
  2 trolls (D:9)
  A hornet (D:10)
  A wyvern (D:8)
  12 yaks
  Menkaure (D:7)
  A water moccasin (D:5)
  3 orc warriors (D:9)
  3 ice beasts
  3 ogres
  5 wolves (D:10)
  3 centaurs
  2 lemures
  A necrophage (D:5)
  9 scorpions
  2 bullfrogs
  11 wights
  18 killer bees
  3 howler monkeys
  5 electric eels (D:10)
  2 orc priests (D:9)
  3 jellies
  3 hounds
  Crazy Yiuf (D:7)
  A gnoll bouda (D:8)
  6 iguanas
  5 orc wizards
  7 gnolls
  7 adders
  5 white imps
  2 ufetubi
  4 dart slugs
  40 orcs
  6 endoplasms
  6 giant cockroaches
  4 goblins
  8 hobgoblins
  8 jackals
  3 quokkas (D:4)
  6 ball pythons
  6 bats
  2 frilled lizards (D:2)
  2 goblin zombies (D:7)
  9 kobolds
  5 rats
  A butterfly (D:8)
243 creatures vanquished.

Vanquished Creatures (others)
  A plant (D:9)
1 creature vanquished.

Grand Total: 244 creatures vanquished

Notes
Turn   | Place    | Note
-------+----------+-------------------------------------------
     0 | D:1      | wormed the Octopode Transmuter began the quest for the Orb.
     0 | D:1      | Reached XP level 1. HP: 13/13 MP: 3/3
    59 | D:1      | You fall into a shaft and drop 1 floor!
    73 | D:2      | Reached XP level 2. HP: 16/18 MP: 3/5
    99 | D:2      | Found the +15 Maxwell's patent armour {-Cast -Tele rElec
                  | Will+ rCorr}
   588 | D:2      | Learned a level 2 spell: Wereblood
   697 | D:2      | Reached skill level 1 in Ice Magic
   697 | D:2      | Reached XP level 3. HP: 23/23 MP: 3/6
   795 | D:2      | Reached skill level 3 in Transmutations
   931 | D:2      | Reached XP level 4. HP: 27/28 MP: 5/7
   958 | D:2      | Identified the ring of Midsummer {rF- rN+ rCorr Dex+4}
  1239 | D:2      | Identified a scroll of acquirement
  1239 | D:2      | Acquired a +4 ring of protection
  2866 | D:4      | Reached skill level 4 in Transmutations
  2866 | D:4      | Reached XP level 5. HP: 33/33 MP: 5/9
  3131 | D:4      | Learned a level 4 spell: Ice Form
  3276 | D:4      | Found a snail-covered altar of Cheibriados.
  3326 | D:4      | Reached XP level 6. HP: 38/38 MP: 6/10
  3854 | D:5      | Entered Level 5 of the Dungeon
  4013 | D:5      | Noticed an ice beast
  4018 | D:5      | Killed an ice beast
  4019 | D:5      | Reached skill level 5 in Transmutations
  4224 | D:5      | Noticed a water moccasin
  4231 | D:5      | Killed a water moccasin
  4232 | D:5      | Reached XP level 7. HP: 43/43 MP: 9/12
  4320 | D:5      | Found a staircase to the Ecumenical Temple.
  4504 | Temple   | Entered the Ecumenical Temple
  4514 | Temple   | Became a worshipper of Gozag Ym Sagoz the Greedy
  4655 | D:5      | Found Ygedgh's General Store.
  4841 | D:5      | Reached skill level 6 in Transmutations
  5064 | D:6      | Found Qieb's Magic Scroll Boutique.
  5067 | D:6      | Bought a scroll of amnesia for 60 gold pieces
  5067 | D:6      | Bought a scroll of immolation for 60 gold pieces
  5067 | D:6      | Bought a scroll of butterflies for 60 gold pieces
  5172 | D:6      | Reached XP level 8. HP: 48/48 MP: 10/14
  5308 | D:6      | Reached skill level 7 in Transmutations
  5442 | D:6      | Found Gejo's Distillery.
  5462 | D:6      | Found Xucedgh's Book Emporium.
  5543 | D:6      | Reached skill level 5 in Spellcasting
  5587 | D:6      | Reached skill level 1 in Air Magic
  5699 | D:6      | Found Muetiom's General Store.
  6042 | D:7      | Noticed Joseph
  6061 | D:7      | Killed Joseph
  6062 | D:7      | Reached XP level 9. HP: 31/54 MP: 13/16
  6238 | D:7      | Noticed Pikel
  6265 | D:7      | Killed Pikel
  6507 | D:7      | Noticed Menkaure
  6512 | D:7      | Killed Menkaure
  6717 | D:7      | Found a runed translucent door.
  6718 | D:7      | Noticed Crazy Yiuf
  6799 | D:7      | Reached skill level 8 in Transmutations
  7356 | D:7      | Killed Crazy Yiuf
  7829 | D:6      | Bought a +6 ring of intelligence for 396 gold pieces
  7908 | D:8      | Reached skill level 5 in Air Magic
  7908 | D:8      | Reached XP level 10. HP: 42/63 MP: 14/19
  8053 | D:8      | Found a runed translucent door.
  8055 | D:8      | Found a runed translucent door.
  8138 | D:8      | Reached skill level 5 in Unarmed Combat
  8846 | D:9      | Reached skill level 5 in Dodging
  9086 | D:9      | Found a staircase to the Orcish Mines.
  9088 | D:9      | Found Linuom's Weapon Emporium.
  9131 | D:9      | Found a runed translucent gate.
  9131 | D:9      | Found a runed translucent gate.
  9131 | D:9      | Found a runed translucent gate.
  9132 | D:9      | Noticed wormed's ghost (journeyman KoBr)
  9133 | D:9      | Noticed a ten-headed hydra
  9137 | D:9      | Reached skill level 5 in Fighting
  9155 | D:9      | Reached XP level 11. HP: 71/71 MP: 15/21
  9162 | D:9      | Reached skill level 9 in Transmutations
  9336 | D:9      | Found the +5 scythe "Finisher" {speed, eviscerate}
  9684 | D:6      | Bought a book of the Sky for 616 gold pieces
  9692 | D:6      | Learned a level 7 spell: Storm Form
  9822 | D:10     | Entered Level 10 of the Dungeon
 10636 | D:10     | Noticed a red ugly thing
 10653 | D:10     | Paralysed by a hornet for 1 turns
 10681 | D:10     | Slain by a red ugly thing

Illustrated notes

Levels and vault maps discovered:
D:1:      minmay_arrival_wavy_path, layout_rooms
D:2:      layout_loops_ring
D:3:      layout_basic, roderic_roman_lattice
D:4:      layout_loops_ring, kennysheep_slug_shrine, corexii_corridor_pit,
          minmay_misc_feat_five, grunt_decor_cap
D:5:      layout_loops_ring, temple_hall, serial_shops, kennysheep_mini
D:6:      layout_rooms, serial_shops, nicolae_shop_statue_plus,
          nicolae_shop_behind_doors, shop, shop, dk_noncrumbling_2
D:7:      layout_basic, enter_ossuary_4, uniq_menkaure, uniq_joseph,
          uniq_crazy_yiuf_cottage, uniq_pikel
D:8:      lemuel_insect_pit, layout_loops_cross
D:9:      layout_long_grid, orc_david_3, gammafunk_ghost_hydra_chop,
          centaur_isle
D:10:     layout_basic, grunt_ashenzari_visionary
          [grunt_ashenzari_visionary_shoals, grunt_ashenzari_visionary_snake],
          marbit_many_paths, mainiacjoe_overflow_chevrons, serial_ice,
          serial_ice_k, serial_ice_o, serial_ice_n, serial_ice_m, serial_ice_d,
          minivault_16, evilmike_butchery
Temple:   eino_narrow_crystal_temple

Skill      XL: |  1  2  3  4  5  6  7  8  9 10 11 |
---------------+----------------------------------+-----
Ice Magic      | 1 2 3 4 |  4.0
Transmutations | 3 4 5 6 7 8 9 |  9.2
Spellcasting   | 3 4 5 6 7 |  7.1
Air Magic      | 2 5 6 7 |  7.7
Fighting       | 2 3 5 |  5.6
Dodging        | 4 5 |  5.8
Unarmed Combat | 4 5 6 |  6.2

Action                   |  1- 3 |  4- 6 |  7- 9 | 10-12 || total
-------------------------+-------+-------+-------+-------++-------
Melee: Unarmed           |    57 |   133 |   222 |   290 ||   702
       Constrict         |    17 |    47 |     3 |     2 ||    69
       Kick              |    19 |    47 |     1 |       ||    67
       Tentacles         |    11 |    34 |     3 |     2 ||    50
       Punch             |     3 |     9 |       |       ||    12
 Cast: Beastly Appendage |    18 |    35 |       |       ||    53
       Wereblood         |       |    31 |    19 |    24 ||    74
       Ice Form          |       |       |    28 |    27 ||    55
Evoke: Wand              |       |       |       |     2 ||     2
  Use: Scroll            |     2 |     4 |    13 |     2 ||    21
       Potion            |       |     3 |     4 |       ||     7
 Stab: Sleeping          |     4 |     5 |     3 |       ||    12
       Distracted        |       |       |       |     1 ||     1
Armor: Skin              |     8 |    27 |    84 |   204 ||   323
Dodge: Dodged            |    53 |    98 |   123 |   173 ||   447

Table legend: (Time is in decaauts)
 A = Elapsed time spent in this place.
 B = Non-inter-level travel time spent in this place.
 C = Inter-level travel time spent in this place.
 D = Time resting spent in this place.
 E = Time spent auto-exploring this place.
 F = Levels seen in this place.
 G = Mean time per level.
                   A        B        C        D        E       F      G
               +--------+--------+--------+--------+--------+-----+--------+
         Total |  10614 |   9877 |    737 |     23 |   7729 |  11 |  964.9 |
       Dungeon |  10595 |   9865 |    730 |     23 |   7729 |  10 | 1059.5 |
        Temple |     18 |     11 |      7 |      0 |      0 |   1 |   18.0 |
               +--------+--------+--------+--------+--------+-----+--------+

Top non-repeatable levels by time:
     D:7: 1498 daAuts
     D:3: 1496 daAuts
     D:8: 1324 daAuts
     D:5: 1124 daAuts
     D:6: 1094 daAuts
     D:4: 1015 daAuts
     D:2: 886 daAuts
     D:9: 857 daAuts
    D:10: 851 daAuts
     D:1: 446 daAuts
  Temple: 18 daAuts
